[Event "POL-chT 2nd League-3 2020"]
[Site "Poronin"]
[Date "2020.09.07"]
[Round "3.3"]
[White "Parol, Pola"]
[Black "Klimkowski, Jan"]
[Result "0-1"]
[ECO "B51"]
[WhiteElo "2076"]
[BlackElo "2237"]
[Annotator "ChessBase"]
[PlyCount "110"]
[EventDate "2020.09.05"]
[EventType "team-tourn"]
[EventCountry "POL"]
[SourceTitle "playchess.com"]
[Source "ChessBase"]
[SourceQuality "1"]
[TimeControl "40/5400+30:900+30"]

1. e4 c5 2. Nf3 d6 3. Bb5+ Nd7 4. c3 Ngf6 5. Qe2 a6 6. Ba4 e6 7. O-O b5 8. Bc2 c4 9. a4 Bb7 10. d4 cxd3 11. Bxd3 Nc5 12. axb5 Nxd3 13. Qxd3 Bxe4 14. Qe2 axb5 15. Qxb5+ Nd7 16. Rxa8 Qxa8 17. Nbd2 Bc6 18. Qd3 Be7 19. Re1 O-O 20. b4 e5 21. Bb2 Rb8 22. Ra1 Qb7 23. Qa6 Qc7 24. Qa7 Qc8 25. Qa6 Bb7 26. Qe2 Nf8 27. Nb3 Ng6 28. Ne1 Nf4 29. Qd1 Qf5 30. f3 h5 31. Na5 Ba8 32. Bc1 h4 33. Bxf4 exf4 34. h3 Bf6 35. Rc1 Qe6 36. Qd3 Re8 37. Nc2 Bd8 38. Nd4 Bb6 39. Kh1 Qe7 40. Nc4 Ba7 41. Nf5 Qe1+ 42. Qf1 Qxf1+ 43. Rxf1 d5 44. Ncd6 Rb8 45. Re1 g6 46. Nh6+ Kf8 47. Nhxf7 Be3 48. Ra1 Ke7 49. Ra6 d4 50. Ne5 dxc3 51. Nxg6+ Kd7 52. Ne5+ Kc7 53. Ne4 c2 54. Nd3 Rxb4 55. Ra1 Rb1+ 0-1

[Event "POL-chT 2nd League-3 2020"]
[Site "Poronin"]
[Date "2020.09.07"]
[Round "3.4"]
[White "Leskiewicz, Ignacy"]
[Black "Kowalec, Maciej"]
[Result "1/2-1/2"]
[ECO "C08"]
[WhiteElo "2157"]
[BlackElo "2092"]
[Annotator "ChessBase"]
[PlyCount "45"]
[EventDate "2020.09.05"]
[EventType "team-tourn"]
[EventCountry "POL"]
[SourceTitle "playchess.com"]
[Source "ChessBase"]
[SourceQuality "1"]
[TimeControl "40/5400+30:900+30"]

1. e4 e6 2. d4 d5 3. Nd2 c5 4. exd5 exd5 5. dxc5 Bxc5 6. Nb3 Bb6 7. Nf3 Nc6 8. Be2 Nge7 9. Bf4 Be6 10. c3 O-O 11. O-O Ng6 12. Bd2 Re8 13. Re1 Bf5 14. Bf1 Be4 15. Be3 Nge5 16. Nbd4 Qf6 17. Nxe5 Nxe5 18. Qh5 Bg6 19. Qg5 Qxg5 20. Bxg5 f6 21. Be3 Nc4 22. Bxc4 dxc4 23. f3 1/2-1/2

[Event "POL-chT 2nd League-3 2020"]
[Site "Poronin"]
[Date "2020.09.07"]
[Round "3.8"]
[White "Baum, Jonasz"]
[Black "Dzikowski, Michal"]
[Result "1/2-1/2"]
[ECO "B12"]
[WhiteElo "2299"]
[BlackElo "2144"]
[Annotator "ChessBase"]
[PlyCount "117"]
[EventDate "2020.09.05"]
[EventType "team-tourn"]
[EventCountry "POL"]
[SourceTitle "playchess.com"]
[Source "ChessBase"]
[SourceQuality "1"]
[TimeControl "40/5400+30:900+30"]

1. e4 c6 2. d4 d5 3. e5 Bf5 4. h4 h5 5. Bd3 Bxd3 6. Qxd3 e6 7. Bg5 Qb6 8. Nd2 Qa6 9. c4 Ne7 10. b3 Nd7 11. Ngf3 Nf5 12. O-O c5 13. Qc2 cxd4 14. cxd5 d3 15. Qc7 Qb6 16. Qc3 exd5 17. Rac1 Nc5 18. b4 Ne6 19. Qxd3 Ne7 20. a3 Qa6 21. Qb3 b5 22. Rc2 Qb7 23. Rfc1 Nc8 24. Qd3 Be7 25. Bxe7 Nxe7 26. Ng5 Qb6 27. Ndf3 Nf4 28. Qd2 Nfg6 29. Nxf7 Kxf7 30. Ng5+ Ke8 31. e6 Rf8 32. Rc5 Rf6 33. g3 Rd8 34. Qe2 a6 35. Qxh5 Rxe6 36. Nxe6 Qxe6 37. R5c2 Kf8 38. Qd1 Qf6 39. Re2 Ne5 40. f4 Nc4 41. Qd3 Nf5 42. Rce1 Qd4+ 43. Qxd4 Nxd4 44. Rf2 Nf5 45. Rf3 d4 46. Rd3 Kf7 47. Kf2 Nfe3 48. Kf3 Nc2 49. Re2 N4xa3 50. f5 Rd6 51. Kf4 g6 52. g4 gxf5 53. gxf5 Rh6 54. Kg5 Rh8 55. f6 Rg8+ 56. Kh5 Rh8+ 57. Kg5 Rg8+ 58. Kh5 Rh8+ 59. Kg5 1/2-1/2

[Event "POL-chT 2nd League-3 2020"]
[Site "Poronin"]
[Date "2020.09.07"]
[Round "3.9"]
[White "Mondrzycki, Bartlomiej"]
[Black "Malicka, Maria"]
[Result "0-1"]
[ECO "E19"]
[WhiteElo "2167"]
[BlackElo "2256"]
[Annotator "ChessBase"]
[PlyCount "82"]
[EventDate "2020.09.05"]
[EventType "team-tourn"]
[EventCountry "POL"]
[SourceTitle "playchess.com"]
[Source "ChessBase"]
[SourceQuality "1"]
[TimeControl "40/5400+30:900+30"]

1. Nf3 Nf6 2. c4 e6 3. g3 a6 4. Bg2 b5 5. b3 Bb7 6. O-O Be7 7. Bb2 c5 8. d3 O-O 9. Nbd2 d6 10. d4 Nc6 11. dxc5 dxc5 12. Ne5 Qb6 13. Nxc6 Bxc6 14. Bxc6 Qxc6 15. Qc2 Rfd8 16. Rfd1 b4 17. Nf3 Qe4 18. Qxe4 Nxe4 19. Ne5 Bf6 20. Rac1 Kf8 21. f3 Nd6 22. Rd3 Rac8 23. Rcd1 Ke7 24. Kf2 a5 25. g4 Bh4+ 26. Ke3 f6 27. f4 fxe5 28. Bxe5 Ne8 29. Kf3 Bf6 30. Rxd8 Rxd8 31. Rxd8 Kxd8 32. Bb8 Kc8 33. Be5 Bxe5 34. fxe5 Kd7 35. g5 Nc7 36. Ke4 Na8 37. Ke3 Nb6 38. Ke4 a4 39. Ke3 Nxc4+ 40. bxc4 b3 41. axb3 a3 0-1

[Event "POL-chT 2nd League-3 2020"]
[Site "Poronin"]
[Date "2020.09.07"]
[Round "3.10"]
[White "Jarzebowski, Kacper"]
[Black "Zareba, Radoslaw"]
[Result "1/2-1/2"]
[ECO "B04"]
[WhiteElo "2061"]
[BlackElo "2111"]
[Annotator "ChessBase"]
[PlyCount "88"]
[EventDate "2020.09.05"]
[EventType "team-tourn"]
[EventCountry "POL"]
[SourceTitle "playchess.com"]
[Source "ChessBase"]
[SourceQuality "1"]
[TimeControl "40/5400+30:900+30"]

1. e4 Nf6 2. e5 Nd5 3. d4 d6 4. Nf3 g6 5. Be2 Bg7 6. O-O O-O 7. c4 Nb6 8. Nc3 Bg4 9. exd6 cxd6 10. h3 Bxf3 11. Bxf3 Nc6 12. Bxc6 bxc6 13. Qd3 d5 14. c5 Nd7 15. f4 Rb8 16. Ne2 Nf6 17. a3 Qa5 18. b4 Qc7 19. Rb1 Ne4 20. f5 e5 21. fxe6 fxe6 22. Bf4 e5 23. Bxe5 Bxe5 24. dxe5 Qxe5 25. Nd4 Rxf1+ 26. Rxf1 Ng3 27. Nf3 Qe4 28. Rd1 Re8 29. Qxe4 dxe4 30. Kf2 Nf5 31. g4 e3+ 32. Ke1 Ng3 33. Rd3 h5 34. Nd4 hxg4 35. hxg4 Rd8 36. Rxe3 Rxd4 37. Rxg3 a5 38. bxa5 Ra4 39. Rc3 Rxg4 40. Rb3 Ra4 41. Rb6 Rxa5 42. Rxc6 Kf7 43. Rc7+ Ke6 44. c6 Kd5 1/2-1/2

[Event "POL-chT 2nd League-3 2020"]
[Site "Poronin"]
[Date "2020.09.07"]
[Round "3.11"]
[White "Stelmaszuk, Maciej"]
[Black "Dalkowski, Rafal"]
[Result "1-0"]
[ECO "A14"]
[WhiteElo "1976"]
[BlackElo "1859"]
[Annotator "ChessBase"]
[PlyCount "161"]
[EventDate "2020.09.05"]
[EventType "team-tourn"]
[EventCountry "POL"]
[SourceTitle "playchess.com"]
[Source "ChessBase"]
[SourceQuality "1"]
[TimeControl "40/5400+30:900+30"]

1. Nf3 Nf6 2. c4 e6 3. g3 d5 4. Bg2 Be7 5. O-O O-O 6. d4 c5 7. cxd5 exd5 8. dxc5 Bxc5 9. Nbd2 Nc6 10. Nb3 Bb6 11. Nbd4 Bg4 12. Nxc6 bxc6 13. Ne5 Bd7 14. Bg5 Rc8 15. Nxd7 Qxd7 16. Bxf6 gxf6 17. e3 Qf5 18. a4 Rfd8 19. a5 Bc5 20. Ra4 Qe5 21. Rg4+ Kh8 22. b4 Be7 23. Qd3 Rb8 24. Rb1 Rg8 25. Rh4 Rg7 26. Bh3 Qg5 27. Kh1 f5 28. Bxf5 h6 29. Bd7 Qf6 30. Rf4 Qd6 31. Bh3 Rd8 32. Qf5 Bg5 33. Rd4 Rg6 34. Qc2 Rb8 35. Bf5 Rgg8 36. Rdd1 Rgd8 37. f4 Be7 38. Bd3 Rdc8 39. Bf5 Rc7 40. e4 Rcb7 41. exd5 cxd5 42. Be4 Rxb4 43. Rxb4 Qxb4 44. Bxd5 Kg7 45. Qf5 Rf8 46. Be4 Rh8 47. Kg2 h5 48. Bd5 Qb2+ 49. Kf3 Qf6 50. Qxf6+ Kxf6 51. Rc1 Rb8 52. Rc6+ Kg7 53. Rc7 Kf6 54. Rxa7 Rb5 55. Be4 Rb2 56. Ra6+ Kg7 57. Rc6 Rxh2 58. a6 Ra2 59. Bd5 Ra3+ 60. Kg2 Bd8 61. Bc4 f6 62. Rc8 Bb6 63. Rg8+ Kh7 64. Rb8 Bd4 65. Rd8 Be3 66. Bd3+ Kg7 67. Rd7+ Kf8 68. Bc4 Ra4 69. Bd3 Ra3 70. Kf3 Bg1 71. Ke4 Ra5 72. Bc4 Bf2 73. Kf3 Bg1 74. Rf7+ Ke8 75. Rxf6 Ke7 76. Rh6 Bd4 77. Bd3 Bg1 78. f5 Ra3 79. Ke2 Ra2+ 80. Kd1 Be3 81. Re6+ 1-0

[Event "POL-chT 2nd League-3 2020"]
[Site "Poronin"]
[Date "2020.09.07"]
[Round "3.12"]
[White "Tarka, Aleksandra"]
[Black "Jablonska, Sabina"]
[Result "1/2-1/2"]
[ECO "B00"]
[WhiteElo "1586"]
[BlackElo "1960"]
[Annotator "ChessBase"]
[PlyCount "83"]
[EventDate "2020.09.05"]
[EventType "team-tourn"]
[EventCountry "POL"]
[SourceTitle "playchess.com"]
[Source "ChessBase"]
[SourceQuality "1"]
[TimeControl "40/5400+30:900+30"]

1. e4 b6 2. g3 Bb7 3. Bg2 e6 4. f4 Ne7 5. d3 d5 6. Qe2 dxe4 7. dxe4 Nd7 8. Be3 c6 9. Nd2 Qc7 10. O-O-O Nc8 11. Nb3 a5 12. Nf3 Ba6 13. Qf2 Nd6 14. e5 Nc4 15. Bd4 a4 16. Nbd2 Nc5 17. Bf1 Nxd2 18. Qxd2 Bb7 19. Qe3 Nd7 20. f5 c5 21. Bc3 Bd5 22. fxe6 Bxe6 23. Kb1 h6 24. Bb5 Be7 25. Qe4 Rd8 26. g4 Kf8 27. h3 c4 28. Nd4 Nc5 29. Nxe6+ Nxe6 30. Bxc4 Qc8 31. Bxe6 Qxe6 32. Rxd8+ Bxd8 33. Rd1 Qe8 34. Bb4+ Kg8 35. Qd5 Bg5 36. Qd6 h5 37. Bc3 Rh6 38. Qd4 hxg4 39. Qxg4 Rg6 40. Qf5 Qc6 41. Rf1 Qc4 42. Qf3 1/2-1/2

[Event "POL-chT 2nd League-3 2020"]
[Site "Poronin"]
[Date "2020.09.07"]
[Round "3.13"]
[White "Brozyna, Mateusz"]
[Black "Kaminski, Piotr"]
[Result "1-0"]
[ECO "B18"]
[WhiteElo "2300"]
[BlackElo "2099"]
[Annotator "ChessBase"]
[PlyCount "79"]
[EventDate "2020.09.05"]
[EventType "team-tourn"]
[EventCountry "POL"]
[SourceTitle "playchess.com"]
[Source "ChessBase"]
[SourceQuality "1"]
[TimeControl "40/5400+30:900+30"]

1. e4 c6 2. Nc3 d5 3. d4 dxe4 4. Nxe4 Bf5 5. Ng3 Bg6 6. Nh3 e6 7. Nf4 Bd6 8. Ngh5 Bxh5 9. Nxh5 g6 10. Ng3 Qh4 11. c3 Nd7 12. Qf3 Ngf6 13. Ne2 Qe4 14. Qxe4 Nxe4 15. g3 e5 16. Bg2 f5 17. O-O Nef6 18. dxe5 Bxe5 19. Be3 Kf7 20. Rfd1 Rhd8 21. Nc1 Bc7 22. Nd3 Bb6 23. Bf4 Re8 24. a4 a5 25. b4 Re2 26. Rd2 Rxd2 27. Bxd2 Ne4 28. Be1 axb4 29. cxb4 Bd4 30. Ra2 Nb6 31. a5 Nc4 32. Rc2 Ncd6 33. Kf1 Ke6 34. Nf4+ Kf6 35. Ne2 Ke5 36. f3 Ba7 37. fxe4 fxe4 38. Bc3+ Kd5 39. Rd2+ Ke6 40. Nf4+ 1-0

[Event "POL-chT 2nd League-3 2020"]
[Site "Poronin"]
[Date "2020.09.07"]
[Round "3.14"]
[White "Szmyd, Arkadiusz"]
[Black "Kudas, Damian"]
[Result "0-1"]
[ECO "B67"]
[WhiteElo "2104"]
[BlackElo "2132"]
[Annotator "NA"]
[PlyCount "76"]
[EventDate "2020.09.05"]
[EventType "team-tourn"]
[EventCountry "POL"]
[SourceTitle "playchess.com"]
[Source "ChessBase"]
[SourceQuality "1"]
[TimeControl "40/5400+30:900+30"]

1. e4 c5 2. Nf3 d6 3. d4 cxd4 4. Nxd4 Nf6 5. Nc3 Nc6 6. Bg5 e6 7. Qd2 a6 8. O-O-O Bd7 9. f4 b5 10. Bxf6 gxf6 11. Kb1 b4 12. Nce2 Qb6 13. Nxc6 Bxc6 14. f5 e5 15. Ng3 h5 16. h4 Qc5 17. Bd3 Bh6 18. Qe2 Qe3 19. Nxh5 Ke7 20. Qf1 Bxe4 21. Bxe4 Qxe4 22. Ng3 Qc6 23. Qe2 Rhg8 24. Rh3 Rac8 25. Ne4 d5 26. Ng3 Rc7 27. Nh5 d4 28. Rg3 Rgc8 29. Rb3 Qxc2+ 30. Qxc2 Rxc2 31. a3 Rc1+ 32. Rxc1 Rxc1+ 33. Ka2 a5 34. axb4 axb4 35. Rd3 Be3 36. Ng3 Kd6 37. Kb3 Kd5 38. Nh5 Ke4 0-1

[Event "POL-chT 2nd League-3 2020"]
[Site "Poronin"]
[Date "2020.09.07"]
[Round "3.15"]
[White "Lach, Piotr"]
[Black "Zawierucha, Aleksander"]
[Result "1/2-1/2"]
[ECO "D00"]
[WhiteElo "2079"]
[BlackElo "1899"]
[Annotator "ChessBase"]
[PlyCount "25"]
[EventDate "2020.09.05"]
[EventType "team-tourn"]
[EventCountry "POL"]
[SourceTitle "playchess.com"]
[Source "ChessBase"]
[SourceQuality "1"]
[TimeControl "40/5400+30:1800+30"]

1. d4 d5 2. Nc3 Nf6 3. Bf4 e6 4. e3 c5 5. Nb5 Na6 6. c3 Be7 7. dxc5 Bxc5 8. Bd3 O-O 9. Nf3 Qb6 10. a4 Bd7 11. O-O Be7 12. a5 Qd8 13. Ne5 1/2-1/2

[Event "POL-chT 2nd League-3 2020"]
[Site "Poronin"]
[Date "2020.09.07"]
[Round "3.16"]
[White "Boruta, Dawid"]
[Black "Watorek, Marcin"]
[Result "1/2-1/2"]
[ECO "A03"]
[WhiteElo "1822"]
[BlackElo "2100"]
[Annotator "ChessBase"]
[PlyCount "123"]
[EventDate "2020.09.05"]
[EventType "team-tourn"]
[EventCountry "POL"]
[SourceTitle "playchess.com"]
[Source "ChessBase"]
[SourceQuality "1"]
[TimeControl "40/5400+30:900+30"]

1. f4 d5 2. Nf3 c5 3. g3 Nc6 4. Bg2 g6 5. O-O Bg7 6. d3 d4 7. c3 Nh6 8. e4 dxe3 9. Bxe3 Qb6 10. Qe2 Ng4 11. Bc1 Bf5 12. Kh1 Rd8 13. Ne1 h5 14. h3 Nf6 15. Nd2 Qa6 16. Nb3 Qb5 17. Be3 Nd7 18. Qf2 O-O 19. Bxc5 Nxc5 20. Nxc5 e5 21. a4 Qb6 22. Ne4 Qc7 23. fxe5 Bxe5 24. d4 Bxe4 25. Bxe4 Bxg3 26. Qf3 h4 27. Nd3 Qd7 28. Kg2 f5 29. Bxc6 bxc6 30. Nf4 Rf6 31. Ne2 Bb8 32. Rae1 Qd6 33. Qf4 Qd5+ 34. Qf3 Qb3 35. Qf2 Re8 36. Qxh4 Rfe6 37. Rf2 Qd5+ 38. Kg1 Qc4 39. Kf1 Qd3 40. Qg5 Bg3 41. Qxg3 Qxg3 42. Nxg3 Rxe1+ 43. Kg2 Ra1 44. h4 Rf8 45. Kf3 Kg7 46. Re2 Rxa4 47. Re6 Rf6 48. Re7+ Rf7 49. Re6 Rc7 50. h5 gxh5 51. Nxh5+ Kf7 52. Rf6+ Kg8 53. Rxf5 Rf7 54. Rxf7 Kxf7 55. Nf4 Ra1 56. Nd3 Ke6 57. Ke3 a5 58. Kd2 Kd5 59. Kc2 Rh1 60. Kb3 Rh2 61. Nc5 Rg2 62. Na4 1/2-1/2

[Event "POL-chT 2nd League-3 2020"]
[Site "Poronin"]
[Date "2020.09.07"]
[Round "3.17"]
[White "Chrzaszcz, Malvina"]
[Black "Gonsior, Monika"]
[Result "1-0"]
[ECO "C00"]
[WhiteElo "2047"]
[BlackElo "2001"]
[Annotator "ChessBase"]
[PlyCount "113"]
[EventDate "2020.09.05"]
[EventType "team-tourn"]
[EventCountry "POL"]
[SourceTitle "playchess.com"]
[Source "ChessBase"]
[SourceQuality "1"]
[TimeControl "40/5400+30:900+30"]

1. e4 e6 2. d4 b6 3. c4 Bb7 4. Bd3 Bb4+ 5. Bd2 Qe7 6. Nf3 Nf6 7. Qe2 Bxd2+ 8. Nbxd2 d6 9. O-O e5 10. Rac1 Nbd7 11. b4 c5 12. bxc5 dxc5 13. d5 O-O 14. a4 Nh5 15. Qe3 Ndf6 16. Nb1 Nf4 17. Nc3 Ng4 18. Qd2 Qf6 19. Ne2 g5 20. Ng3 h5 21. Nf5 Rfe8 22. Bb1 Nh6 23. h4 gxh4 24. N5xh4 Bc8 25. g3 Qg7 26. Kh1 Ng6 27. Nf5 Nxf5 28. exf5 e4 29. fxg6 exf3 30. gxf7+ Kxf7 31. Qf4+ Qf6 32. Qxf6+ Kxf6 33. Rc3 Bg4 34. Bc2 Re2 35. Bd1 Ra2 36. Bxf3 Rxa4 37. Re1 Rd8 38. Re4 Kg5 39. Bxg4 hxg4 40. Re5+ Kg6 41. Re6+ Kg7 42. Re7+ Kg6 43. Re4 Kg5 44. Rce3 Ra1+ 45. Kg2 Rf8 46. Rd3 Rd8 47. d6 Kf5 48. Rf4+ Ke5 49. Rd5+ Ke6 50. Rxg4 Rc1 51. Re4+ Kf6 52. g4 a5 53. g5+ Kf7 54. d7 a4 55. g6+ Kf8 56. g7+ Kf7 57. Re8 1-0

[Event "POL-chT 2nd League-3 2020"]
[Site "Poronin"]
[Date "2020.09.07"]
[Round "3.18"]
[White "Swiech, Joanna"]
[Black "Gluszko, Monika"]
[Result "1-0"]
[ECO "D82"]
[WhiteElo "1910"]
[BlackElo "1939"]
[Annotator "ChessBase"]
[PlyCount "93"]
[EventDate "2020.09.05"]
[EventType "team-tourn"]
[EventCountry "POL"]
[SourceTitle "playchess.com"]
[Source "ChessBase"]
[SourceQuality "1"]
[TimeControl "40/5400+30:900+30"]

1. d4 Nf6 2. c4 g6 3. Nc3 d5 4. Bf4 Bg7 5. e3 c5 6. dxc5 Qa5 7. Rc1 dxc4 8. Bxc4 Qxc5 9. Qb3 O-O 10. Nb5 Kh8 11. Ne2 e5 12. Bxf7 Qe7 13. Bg5 Nc6 14. Bc4 a6 15. Na3 h6 16. Bxf6 Qxf6 17. O-O e4 18. Rc2 Ne5 19. Ng3 Qh4 20. Be2 b5 21. Qd5 Bf5 22. Nxf5 gxf5 23. f4 Ng4 24. Bxg4 Qxg4 25. Rd2 Bf6 26. Qe6 h5 27. h3 Qg3 28. Qxf5 Qxe3+ 29. Rdf2 Ra7 30. Kh1 Rh7 31. Rc2 Bg7 32. Rc8 Kg8 33. Qe6+ Kh8 34. Qxa6 b4 35. Nc2 Qd3 36. Nxb4 Qxa6 37. Rxf8+ Bxf8 38. Nxa6 Ra7 39. Nb8 Rxa2 40. Nd7 Bd6 41. Ne5 Bxe5 42. fxe5 Rxb2 43. e6 Kg7 44. Rf7+ Kg6 45. Rf4 e3 46. e7 Kg5 47. Re4 1-0

[Event "POL-chT 2nd League-3 2020"]
[Site "Poronin"]
[Date "2020.09.07"]
[Round "3.19"]
[White "Miasik, Adrian"]
[Black "Luba, Lukasz"]
[Result "1-0"]
[ECO "D46"]
[WhiteElo "1958"]
[BlackElo "2212"]
[Annotator "ChessBase"]
[PlyCount "161"]
[EventDate "2020.09.05"]
[EventType "team-tourn"]
[EventCountry "POL"]
[SourceTitle "playchess.com"]
[Source "ChessBase"]
[SourceQuality "1"]
[TimeControl "40/5400+30:900+30"]

1. d4 d5 2. c4 e6 3. Nc3 c6 4. e3 Nf6 5. Nf3 Nbd7 6. Bd3 Bd6 7. O-O O-O 8. b3 e5 9. cxd5 cxd5 10. e4 exd4 11. Nxd5 Nxd5 12. exd5 Nf6 13. h3 Nxd5 14. Bb2 Nf4 15. Bxd4 Qd7 16. Re1 Rd8 17. Bf1 Bb4 18. Re4 Qd6 19. Qc1 Ng6 20. Qb2 Bf5 21. Re3 Ba3 22. Qd2 Rac8 23. Qa5 Bc2 24. Bc4 Qf8 25. Qg5 Bc5 26. Bxc5 Rxc5 27. Qg3 b5 28. Bf1 f5 29. Qh2 f4 30. Ree1 a6 31. Rac1 Qf5 32. h4 Nf8 33. Qh3 Qh5 34. Ng5 Bf5 35. Qf3 Bg4 36. Qxf4 Rf5 37. Qg3 Rfd5 38. Rc7 h6 39. Nf3 R8d7 40. Rxd7 Nxd7 41. Nh2 Bf5 42. Re7 Qg6 43. Qxg6 Bxg6 44. Re6 Bb1 45. Rxa6 Rd1 46. a4 bxa4 47. bxa4 Nc5 48. Ra8+ Kh7 49. a5 Nb3 50. a6 Be4 51. Re8 Nd2 52. a7 Ra1 53. g3 Bc6 54. Rd8 Nxf1 55. Nxf1 Rxa7 56. Rd1 Ra2 57. Ne3 Bf3 58. Rc1 h5 59. Ng2 Kh6 60. Re1 Ra6 61. Nf4 g5 62. Re6+ Rxe6 63. Nxe6 gxh4 64. gxh4 Kg6 65. Kh2 Kf6 66. Kg3 Bd1 67. Nf4 Kg7 68. f3 Kh6 69. Nh3 Kg6 70. Kf4 Kf6 71. Ng5 Ba4 72. Ne4+ Kg6 73. Ke5 Bd7 74. f4 Bg4 75. Nd6 Kg7 76. f5 Bh3 77. Ke6 Kf8 78. Kf6 Bg4 79. Ne4 Bf3 80. Ng3 Bg4 81. Kg5 1-0

[Event "POL-chT 2nd League-3 2020"]
[Site "Poronin"]
[Date "2020.09.07"]
[Round "3.20"]
[White "Laszewicz, Pawel"]
[Black "Ciasnocha, Michal"]
[Result "1/2-1/2"]
[ECO "C43"]
[WhiteElo "2150"]
[BlackElo "1826"]
[Annotator "NA"]
[PlyCount "98"]
[EventDate "2020.09.05"]
[EventType "team-tourn"]
[EventCountry "POL"]
[SourceTitle "playchess.com"]
[Source "ChessBase"]
[SourceQuality "1"]
[TimeControl "40/5400+30:900+30"]

1. e4 e5 2. Nf3 Nf6 3. d4 Nxe4 4. Bd3 d5 5. Nxe5 Bd6 6. O-O O-O 7. c4 c6 8. Nc3 Nxc3 9. bxc3 Nd7 10. Re1 Nxe5 11. dxe5 Bc5 12. Qh5 g6 13. Qh6 Re8 14. Bg5 Be7 15. Bf6 Bf8 16. Qg5 Qc7 17. cxd5 cxd5 18. Bb5 Re6 19. Re3 Bg7 20. Rae1 Bd7 21. Bxd7 Qxd7 22. Bxg7 Kxg7 23. Rh3 Kg8 24. Qd2 Rc8 25. Rd3 Rc5 26. f4 Rec6 27. Rd1 Qc7 28. Rxd5 Rxc3 29. h3 Rc1 30. Rxc1 Rxc1+ 31. Kh2 Rc2 32. Qd4 Qc4 33. Rd8+ Kg7 34. Qxc4 Rxc4 35. Rd7 Kf8 36. Rxb7 Ra4 37. e6 fxe6 38. Rxh7 Rxa2 39. Kg3 a5 40. Kf3 Rb2 41. Ra7 Rb5 42. g4 e5 43. f5 Rb3+ 44. Kg2 gxf5 45. gxf5 Ra3 46. h4 e4 47. h5 Kg8 48. h6 Rf3 49. Rxa5 Kh7 1/2-1/2

[Event "POL-chT 2nd League-3 2020"]
[Site "Poronin"]
[Date "2020.09.07"]
[Round "3.21"]
[White "Ziemniak, Piotr"]
[Black "Machlowski, Slawomir"]
[Result "1/2-1/2"]
[ECO "B40"]
[WhiteElo "1741"]
[BlackElo "2098"]
[Annotator "NA"]
[PlyCount "76"]
[EventDate "2020.09.05"]
[EventType "team-tourn"]
[EventCountry "POL"]
[SourceTitle "playchess.com"]
[Source "ChessBase"]
[SourceQuality "1"]
[TimeControl "40/5400+30:900+30"]

1. e4 c5 2. Nf3 e6 3. d4 cxd4 4. Nxd4 Qb6 5. Nb3 Qc7 6. Nc3 a6 7. Bd3 d6 8. O-O Nf6 9. f4 Nbd7 10. Qe2 Be7 11. Bd2 O-O 12. Rae1 Nc5 13. Nxc5 Qxc5+ 14. Kh1 e5 15. f5 b5 16. b4 Qc7 17. Nd5 Qd8 18. Nxe7+ Qxe7 19. g4 d5 20. g5 Nxe4 21. f6 Qd7 22. fxg7 Kxg7 23. Bxe4 dxe4 24. Qf2 e3 25. Rxe3 Bb7+ 26. Kg1 Qd5 27. Qe2 Rac8 28. Bc3 Qh1+ 29. Kf2 Qxh2+ 30. Ke1 Qxe2+ 31. Kxe2 Kg8 32. Rd1 Rc4 33. Bxe5 Rxc2+ 34. Rd2 Rfc8 35. Bf6 Bd5 36. Rxc2 Rxc2+ 37. Kd3 Rc8 38. a3 Kf8 1/2-1/2

[Event "POL-chT 2nd League-3 2020"]
[Site "Poronin"]
[Date "2020.09.07"]
[Round "3.22"]
[White "Majocha, Piotr"]
[Black "Babiarz, Arkadiusz"]
[Result "1-0"]
[ECO "A30"]
[WhiteElo "2047"]
[BlackElo "1872"]
[Annotator "NA"]
[PlyCount "109"]
[EventDate "2020.09.05"]
[EventType "team-tourn"]
[EventCountry "POL"]
[SourceTitle "playchess.com"]
[Source "ChessBase"]
[SourceQuality "1"]
[TimeControl "40/5400+30:900+30"]

1. c4 c5 2. Nf3 Nc6 3. g3 g6 4. Bg2 Bg7 5. O-O d6 6. Nc3 e5 7. d3 Nge7 8. a3 O-O 9. Rb1 a5 10. Ne1 Be6 11. Nc2 Qb6 12. Ne3 Nd4 13. Bd2 Nec6 14. Ned5 Qb3 15. e3 Qxd1 16. Rfxd1 Nb3 17. Nb5 Rad8 18. Bc3 Bg4 19. Re1 Bc8 20. Bf3 e4 21. Bxe4 Bxc3 22. Nbxc3 Nd2 23. Rbd1 Nxe4 24. Nxe4 Ne5 25. Nef6+ Kg7 26. Kg2 Ng4 27. Nxg4 Bxg4 28. f3 Be6 29. Nb6 d5 30. e4 dxe4 31. dxe4 Rfe8 32. Kf2 f6 33. Ke2 Kf7 34. b3 Ke7 35. Nd5+ Kf7 36. Nc7 Rxd1 37. Rxd1 Rc8 38. Nb5 Ke7 39. a4 Rc6 40. Ke3 g5 41. f4 h6 42. f5 Bf7 43. g4 Be8 44. e5 fxe5 45. Ke4 h5 46. Kxe5 hxg4 47. Rd6 Bh5 48. f6+ Kf7 49. Rxc6 bxc6 50. Nd6+ Kf8 51. Ne4 Bg6 52. Nxc5 Bc2 53. Ke6 Bg6 54. Nd7+ Ke8 55. Ne5 1-0

[Event "POL-chT 2nd League-3 2020"]
[Site "Poronin"]
[Date "2020.09.07"]
[Round "3.23"]
[White "Ziemniak, Grzegorz"]
[Black "Szydelko, Michal"]
[Result "1-0"]
[ECO "C43"]
[WhiteElo "1693"]
[BlackElo "1877"]
[Annotator "NA"]
[PlyCount "117"]
[EventDate "2020.09.05"]
[EventType "team-tourn"]
[EventCountry "POL"]
[SourceTitle "playchess.com"]
[Source "ChessBase"]
[SourceQuality "1"]
[TimeControl "40/5400+30:900+30"]

1. e4 e5 2. Nf3 Nf6 3. d4 Nxe4 4. Bd3 d5 5. Nxe5 Bd6 6. O-O O-O 7. c4 c6 8. Nc3 Nxc3 9. bxc3 dxc4 10. Nxc4 Be7 11. Re1 Be6 12. Ne5 Nd7 13. Qc2 Nf6 14. Bg5 h6 15. Bd2 Re8 16. f4 Bc8 17. Qb3 Nd5 18. c4 Nxf4 19. Bxf4 Qxd4+ 20. Kh1 Qxf4 21. Re4 Qd2 22. Nxf7 Bf5 23. Rd1 Qxd1+ 24. Qxd1 Bxe4 25. Nxh6+ gxh6 26. Bxe4 Bg5 27. Qg4 Rad8 28. h4 Rd4 29. Bh7+ Kxh7 30. Qxd4 Re1+ 31. Kh2 Be3 32. Qe4+ Kh8 33. Qe8+ Kh7 34. Qd7+ Kg6 35. Qe6+ Kg7 36. Qe7+ Kg8 37. Qd8+ Kg7 38. Qd7+ Kg8 39. Qxb7 Bg1+ 40. Kg3 Re6 41. Qb1 Bb6 42. Qf5 Re7 43. Qc8+ Kg7 44. Qxc6 Rc7 45. Qe6 Rc5 46. Kh3 Ra5 47. a4 h5 48. g4 hxg4+ 49. Kxg4 Rc5 50. h5 Rc7 51. a5 Bxa5 52. Qe5+ Kh6 53. Qg5+ Kh7 54. Qxa5 Rxc4+ 55. Kg5 Kh8 56. Qe5+ Kh7 57. Qe7+ Kh8 58. Qf8+ Kh7 59. Qf7+ 1-0

[Event "POL-chT 2nd League-3 2020"]
[Site "Poronin"]
[Date "2020.09.07"]
[Round "3.24"]
[White "Trusz, Julia"]
[Black "Polak, Sylwia"]
[Result "1/2-1/2"]
[ECO "D11"]
[WhiteElo "1675"]
[BlackElo "1590"]
[Annotator "NA"]
[PlyCount "69"]
[EventDate "2020.09.05"]
[EventType "team-tourn"]
[EventCountry "POL"]
[SourceTitle "playchess.com"]
[Source "ChessBase"]
[SourceQuality "1"]
[TimeControl "40/5400+30:900+30"]

1. d4 d5 2. c4 c6 3. Nf3 Nf6 4. Qc2 e6 5. g3 Nbd7 6. Nbd2 Bd6 7. Bg2 O-O 8. O-O Qe7 9. e4 dxe4 10. Nxe4 Nxe4 11. Qxe4 e5 12. dxe5 Nxe5 13. Nxe5 Qxe5 14. Qc2 Bf5 15. Qb3 Qe7 16. Be3 Rfd8 17. Rfe1 Qc7 18. Rad1 Be6 19. Qc2 Bb4 20. Rf1 b6 21. Bf4 Bd6 22. Bg5 Re8 23. Qd3 Be5 24. b3 f6 25. Bc1 Rad8 26. Qf3 c5 27. Rxd8 Rxd8 28. Rd1 Rxd1+ 29. Qxd1 Qd6 30. Qxd6 Bxd6 31. Be4 Be5 32. Kf1 Kf7 33. Ke2 f5 34. Bc2 Kf6 35. Be3 1/2-1/2